 Dungeon Crawl Stone Soup version 0.18.1-48-g4cf74bf (webtiles) character file.

1428 Crag the Firebug (level 8, -13/57 HPs)
             Began as a Demigod Fire Elementalist on Sept 5, 2016.
             Mangled by a two-headed ogre
             ... wielding a +0 giant club
              (19 damage)
             ... on level 6 of the Dungeon.
             The game lasted 00:24:24 (5823 turns).

Crag the Firebug (Demigod Fire Elementalist)        Turns: 5823, Time: 00:24:25

Health: -13/57     AC:  2    Str: 11    XL:     8   Next: 21%
Magic:  2/17       EV: 14    Int: 23    God:
Gold:   248        SH:  0    Dex: 16    Spells: 4 memorised, 5 levels left

rFire  + . .     SeeInvis .     e - +0 spear
rCold  x . .     Gourm    .     a - +0 robe
rNeg   . . .     Faith    .     (no shield)
rPois  .         Spirit   .     (no helmet)
rElec  .         Dismiss  +     (no cloak)
rCorr  .         Reflect  .     (no gloves)
SustAt +         Harm     .     (no boots)
MR     .....                    y - amulet of dismissal
Stlth  ++........               (no ring)
                                o - ring of fire

@: very slightly contaminated, not resistant to hostile enchantments, unstealthy
A: high mp 1, sustain attributes
a: no special abilities


You were on level 6 of the Dungeon.
You were hungry.

You visited 1 branch of the dungeon, and saw 6 of its levels.

You collected 248 gold pieces.

Inventory:

Hand Weapons
 e - a +0 spear (weapon)
Armour
 a - a +0 robe (worn)
Jewellery
 o - a ring of fire (left hand)
 y - an amulet of dismissal (around neck)
Wands
 n - a wand of lightning (7/15)
 r - a wand of lightning (6/15)
 u - a wand of flame (14/48)
 w - a wand of teleportation (6/9)
Scrolls
 f - 5 scrolls of identify
 g - a scroll of torment {unknown}
 i - a scroll of amnesia {unknown}
 l - 2 scrolls of remove curse
 p - 4 scrolls of recharging {unknown}
 q - a scroll of teleportation {unknown}
 s - a scroll of fog {unknown}
 t - a scroll of enchant weapon {unknown}
Potions
 d - 2 potions of curing
 k - a potion of lignification {unknown}
 m - 2 potions of degeneration {unknown}
 v - a potion of haste {unknown}
Books
 b - a book of Flames

   Spells                             Type                      Level
   a - Flame Tongue                   Conjuration/Fire             1
   b - Throw Flame                    Conjuration/Fire             2
   c - Conjure Flame                  Conjuration/Fire             3
   d - Inner Flame                    Hexes/Fire                   3
   e - Sticky Flame                   Conjuration/Fire             4
   f - Fireball                       Conjuration/Fire             5
Comestibles
 c - 4 bread rations
 j - a meat ration


   Skills:
 + Level 3.7 Polearms
 + Level 4.5 Dodging
 - Level 1.7 Stealth
 + Level 4.2 Spellcasting
 + Level 4.1 Conjurations
 + Level 5.2 Fire Magic


You had 5 spell levels left.
You knew the following spells:

 Your Spells              Type           Power        Failure   Level  Hunger
a - Flame Tongue          Conj/Fire      #####        1%          1    None
b - Throw Flame           Conj/Fire      #####.       2%          2    #......
c - Conjure Flame         Conj/Fire      #####...     6%          3    ##.....
d - Sticky Flame          Conj/Fire      #####...     17%         4    ####...


Dungeon Overview and Level Annotations

Branches:
Dungeon (6/15)             Temple (0/1) D:4

Shops:
D:3 }

Annotations:
D:5 Pikel


Innate Abilities, Weirdness & Mutations

You have an increased reservoir of magic (+10% MP).
Your attributes are resistant to harm.


Message History

Fire whirls out from your hands!
You are feeling hungry. 2 fire vortices come into view.
The two-headed ogre hits you but does no damage.
The two-headed ogre hits you with a giant club!
* * * LOW HITPOINT WARNING * * *
Drink which item? (? for menu, Esc to quit)
Okay, then.
Casting: Sticky Flame
Confirm with . or Enter, or press ? or * to list all spells.
Aiming: Flame Tongue
Press: ? - help, Shift-Dir - straight line, f/p - two-headed ogre
Aim: a two-headed ogre, wielding two giant clubs You feel a surge of power!
The flame tongue hits the two-headed ogre.
The two-headed ogre is heavily wounded.
The two-headed ogre hits you with a giant club!
* * * LOW HITPOINT WARNING * * *
The two-headed ogre hits you with a giant club!!
You die...

.># # ### ..# #
.#.# #.# ..# . .
... ... ..#
..#.##'##.# #.#
..#..v#.. ..##
##.'...'.## #..#
..#.. #v.# #..#
..#.##'##.## #..#
.......@O..# #..#
..#)#.#.#.## ...#
#.###..# ...#
#......# .###
########.####.#
.# #[.......# .#
.# ###.#####..#
.# .#
#...#####>.# .#
.####......##....
.#


You could see a two-headed ogre.

Vanquished Creatures
  Prince Ribbit (D:5)
  An ice beast (D:6)
  2 phantoms (D:4)
  4 ogres
  A centaur (D:5)
  A giant frog (D:6)
  A hound (D:5)
  2 orc priests
  A giant frog skeleton (D:4)
  3 orc wizards
  2 worker ants
  A hound zombie (D:4)
  A hound skeleton (D:4)
  A worker ant zombie (D:6)
  6 adders
  A howler monkey skeleton (D:4)
  2 shadow imps
  2 oozes (D:1)
  An adder skeleton (D:4)
  4 worms
  3 dart slugs
  4 giant geckos
  17 orcs
  11 bats
  8 giant cockroaches
  2 gnoll zombies (D:6)
  7 hobgoblins
  2 quokkas
  2 ball pythons
  A giant gecko skeleton (D:5)
  3 giant newts
  10 goblins
  9 kobolds
  4 rats
121 creatures vanquished.

Notes
Turn   | Place    | Note
--------------------------------------------------------------
     0 | D:1      | Crag the Demigod Fire Elementalist began the quest for the Orb.
     0 | D:1      | Reached XP level 1. HP: 14/14 MP: 5/5
    13 | D:1      | Reached skill level 1 in Conjurations
   244 | D:1      | Reached XP level 2. HP: 20/20 MP: 4/7
   336 | D:1      | Reached skill level 3 in Fire Magic
   572 | D:1      | Learned a level 2 spell: Throw Flame
   976 | D:1      | Reached XP level 3. HP: 26/26 MP: 3/8
  1071 | D:1      | Found a snail-covered altar of Cheibriados.
  1249 | D:2      | Learned a level 3 spell: Conjure Flame
  1689 | D:2      | Reached XP level 4. HP: 33/33 MP: 8/10
  2060 | D:3      | Found an oddly glowing altar of Pakellas.
  2060 | D:3      | Found Pakellas's Prime Provisions.
  2519 | D:4      | Found a staircase to the Ecumenical Temple.
  2588 | D:4      | Reached skill level 1 in Polearms
  2723 | D:4      | Reached XP level 5. HP: 35/38 MP: 4/11
  2815 | D:4      | Noticed an ogre
  2820 | D:4      | Killed an ogre
  2893 | D:4      | Noticed a phantom
  2917 | D:4      | Killed a phantom
  2917 | D:4      | Reached skill level 4 in Fire Magic
  2917 | D:4      | Reached XP level 6. HP: 45/45 MP: 0/13
  2923 | D:4      | Learned a level 4 spell: Sticky Flame
  3176 | D:4      | Found an iron altar of Okawaru.
  3887 | D:4      | Reached XP level 7. HP: 50/50 MP: 11/15
  4122 | D:5      | Entered Level 5 of the Dungeon
  4133 | D:5      | Noticed Prince Ribbit
  4134 | D:5      | Found a shimmering altar of Xom.
  4547 | D:5      | Killed Prince Ribbit
  4772 | D:5      | Noticed Pikel
  4962 | D:6      | Reached skill level 5 in Fire Magic
  5170 | D:6      | Found a basalt altar of Yredelemnul.
  5288 | D:6      | Reached XP level 8. HP: 41/57 MP: 12/17
  5816 | D:6      | Noticed a two-headed ogre
  5823 | D:6      | Mangled by a two-headed ogre

Skill      XL: |  1  2  3  4  5  6  7  8 |
---------------+-------------------------+-----
Conjurations   | 1 2 3 4 |  4.1
Dodging        | 2 3 4 |  4.5
Fire Magic     | 3 4 5 |  5.2
Spellcasting   | 2 3 4 |  4.2
Polearms       | 1 2 3 |  3.7
Stealth        | |  1.7

Action                   |  1- 3 |  4- 6 |  7- 9 || total
-------------------------+-------+-------+-------++-------
Melee: Spear             |    13 |    14 |    23 ||    50
 Cast: Flame Tongue      |    50 |    97 |    95 ||   242
       Throw Flame       |    13 |     7 |     3 ||    23
       Conjure Flame     |     2 |     3 |     6 ||    11
  Use: Scroll            |       |       |     5 ||     5
  Eat: Chunk             |     4 |     7 |     6 ||    17
Armor: Robe              |     2 |     4 |     2 ||     8
Dodge: Dodged            |     6 |    16 |    10 ||    32
